 Dungeon Crawl Stone Soup version 0.19.1 (webtiles) character file.

1566 Nakatomy the Reanimator (level 8, -1/53 HPs)
             Began as a Vampire Necromancer on Dec 21, 2016.
             Slain by a black bear (4 damage)
             ... on level 7 of the Dungeon.
             The game lasted 00:48:23 (9457 turns).

Nakatomy the Reanimator (Vampire Necromancer)       Turns: 9457, Time: 00:48:24

Health: -1/53      AC:  2    Str:  7    XL:     8   Next: 59%
Magic:  6/13       EV: 17    Int: 19    God:
Gold:   241        SH:  0    Dex: 15    Spells: 3 memorised, 9 levels left

rFire  . . .     SeeInvis +     a - +1 dagger
rCold  . . .     Gourm    .     m - +0 robe
rNeg   + . .     Faith    .     (no shield)
rPois  .         Spirit   .     (no helmet)
rElec  .         Reflect  .     (no cloak)
rCorr  .         Harm     .     (no gloves)
MR     .....                    (no boots)
Stlth  +++.......               (no amulet)
                                (no ring)
                                n - ring of stealth

@: no status effects
A: fangs 3, see invisible, unbreathing
a: Bat Form


You were on level 7 of the Dungeon.
You were not thirsty.

You visited 1 branch of the dungeon, and saw 7 of its levels.

You collected 241 gold pieces.

Inventory:

Hand Weapons
 a - a +1 dagger (weapon)
 c - a +0 vampiric spear
Armour
 m - a +0 robe (worn)
Jewellery
 n - a ring of stealth (left hand)
Wands
 k - a wand of slowing (29/48)
 r - a wand of acid (0/15)
 t - a wand of flame (19/48)
 v - a wand of lightning (0/15)
Scrolls
 g - 2 scrolls of immolation
 i - a scroll of identify
 l - 2 scrolls of remove curse
 p - a scroll of noise
 w - a scroll of magic mapping {unknown}
Potions
 d - 2 potions of degeneration {unknown}
 e - a potion of brilliance {unknown}
 f - a potion of ambrosia {unknown}
 h - 2 potions of blood
 j - 2 potions of invisibility
 o - 3 potions of haste
 q - a potion of resistance
 s - a potion of curing {unknown}
 x - a potion of berserk rage {unknown}
Books
 b - a book of Necromancy

   Spells                             Type                      Level
   a - Pain                           Necromancy                   1
   b - Animate Skeleton               Necromancy                   1
   c - Vampiric Draining              Necromancy                   3
   d - Regeneration                   Charms/Necromancy            3
   e - Animate Dead                   Necromancy                   4
   f - Control Undead                 Necromancy                   4


   Skills:
 + Level 0.5 Fighting
 + Level 8.2 Dodging
 - Level 3.0 Stealth
 + Level 3.6 Spellcasting
 + Level 9.1 Necromancy


You had 9 spell levels left.
You knew the following spells:

 Your Spells              Type           Power        Failure   Level  Hunger
a - Pain                  Necr           ####         1%          1    None
b - Animate Skeleton      Necr           N/A          1%          1    None
c - Regeneration          Chrm/Necr      ###.......   10%         3    ###....


Dungeon Overview and Level Annotations

Branches:
Dungeon (7/15)
 Temple: D:4-7

Altars:
Kikubaaqudgha
Okawaru
Trog
Zin

Shops:
D:7 [

Annotations:
D:2 2 exclusions
D:3 1 exclusion, tschems's ghost, amateur HuFi


Innate Abilities, Weirdness & Mutations

You have razor-sharp teeth.
You have supernaturally acute eyesight. (SInv)
You can survive without breathing.


Message History

Evoke which item? (* to show all) (? for menu, Esc to quit)
Zapping:
t - a wand of flame {zapped: 15} (will waste charges)
Press: ? - help, Shift-Dir - straight line, f/p - phantom
Aim: a phantom (almost destroyed)
The puff of flame misses the phantom.
Evoking this partially-identified wand wasted a few charges.
The phantom hits you!
The phantom blinks!
Okay, then.
Unknown command.
Casting: Pain
Confirm with . or Enter, or press ? or * to list all spells.
Aiming: Pain
Press: ? - help, Shift-Dir - straight line, f - black bear
Aim: a black bear (chance to defeat MR: 84%)
The black bear writhes in agony!
The black bear bites you!
* * * LOW HITPOINT WARNING * * *
The black bear claws you.
* * * LOW HITPOINT WARNING * * *
The black bear claws you.
You die...

#....#....# .....
#....#....# ...=..
#....#....# ......
##...##...# ......
#....##...#####
......#####.........##...
...........#............>
.......∩.h.'............<
........@.)#.............
######...))#...##<[......
#....[#...##.....<..
#.....#........##...
#.....+........##...
#.....#.........#...
#.....#.........#...
#.....#....)....#...
#.....#.........#...


You could see a black bear.

Vanquished Creatures
  5 ogres
  A centaur (D:5)
  A gnoll sergeant (D:5)
  A bullfrog (D:6)
  A scorpion (D:5)
  A howler monkey (D:6)
  3 hounds
  A jelly (D:7)
  A centaur skeleton (D:6)
  6 orc priests
  An orc wizard (D:7)
  Natasha (D:3)
  An iguana (D:6)
  2 worker ants (D:4)
  2 hound skeletons
  A worker ant zombie (D:2)
  9 adders
  14 gnolls
  A howler monkey skeleton (D:6)
  An ooze (D:2)
  4 worms
  2 dart slugs (D:2)
  3 leopard geckos
  16 orcs
  2 giant cockroaches
  14 goblins
  4 hobgoblins
  4 jackals
  9 kobolds
  A quokka (D:6)
  A ball python (D:1)
  5 bats
  3 frilled lizards
  A leopard gecko zombie (D:3)
  2 rats (D:1)
125 creatures vanquished.

Notes
Turn   | Place    | Note
-------+----------+-------------------------------------------
     0 | D:1      | Nakatomy the Vampire Necromancer began the quest for the Orb.
     0 | D:1      | Reached XP level 1. HP: 13/13 MP: 3/3
   724 | D:1      | Reached XP level 2. HP: 16/19 MP: 1/5
  1098 | D:2      | Learned a level 1 spell: Animate Skeleton
  1322 | D:2      | Found a bloodstained altar of Trog.
  1373 | D:2      | Reached XP level 3. HP: 18/24 MP: 2/6
  1505 | D:2      | You fall through a shaft!
  1770 | D:3      | Noticed Natasha
  1777 | D:3      | Killed Natasha
  1777 | D:3      | Reached skill level 5 in Necromancy
  1777 | D:3      | Reached XP level 4. HP: 13/30 MP: 0/8
  1838 | D:3      | Noticed tschems's ghost (amateur HuFi)
  2082 | D:2      | Learned a level 3 spell: Regeneration
  2923 | D:2      | Reached XP level 5. HP: 28/35 MP: 9/9
  4159 | D:4      | Reached XP level 6. HP: 35/41 MP: 11/11
  4240 | D:3      | Reached skill level 6 in Necromancy
  4621 | D:4      | Reached skill level 5 in Dodging
  4907 | D:4      | Reached XP level 7. HP: 41/46 MP: 6/12
  4996 | D:5      | Entered Level 5 of the Dungeon
  5108 | D:5      | Reached skill level 7 in Necromancy
  5376 | D:5      | Found an iron altar of Okawaru.
  5698 | D:5      | Found a glowing silver altar of Zin.
  7084 | D:6      | Found an ancient bone altar of Kikubaaqudgha.
  7120 | D:6      | Reached skill level 8 in Necromancy
  7120 | D:6      | Reached XP level 8. HP: 16/52 MP: 5/13
  7559 | D:6      | Found an iron altar of Okawaru.
  8304 | D:6      | Reached skill level 9 in Necromancy
  9426 | D:7      | Found Cugirrea's Armour Shop.
  9457 | D:7      | Slain by a black bear

Skill      XL: |  1  2  3  4  5  6  7  8 |
---------------+-------------------------+-----
Dodging        | 3 4 5 7 8 |  8.2
Necromancy     | 5 6 8 9 |  9.1
Spellcasting   | 3 |  3.6
Fighting       | |  0.5
Stealth        | |  3.0

Action                   |  1- 3 |  4- 6 |  7- 9 || total
-------------------------+-------+-------+-------++-------
Melee: Unarmed           |    56 |    52 |       ||   108
       Bite              |     8 |    11 |    11 ||    30
       Dagger            |       |    44 |   158 ||   202
 Cast: Pain              |    49 |   120 |   141 ||   310
       Animate Skeleton  |       |     4 |       ||     4
       Regeneration      |       |     1 |    10 ||    11
 Abil: End Transformatio |       |       |     2 ||     2
       Bat Form          |       |       |     2 ||     2
Evoke: Wand              |       |       |    18 ||    18
  Use: Potion            |     8 |     6 |     6 ||    20
       Scroll            |       |       |    11 ||    11
 Stab: Sleeping          |     1 |     1 |     2 ||     4
  Eat: Corpse            |       |     1 |     8 ||     9
Armor: Robe              |    21 |    10 |    12 ||    43
Dodge: Dodged            |    42 |    92 |   190 ||   324
